 Dungeon Crawl Stone Soup version 0.29.1-13-g9f3cf754e1 (webtiles) character file.

Game seed: 4135752275808158816

6379 nickcage the Covert (level 10, -13/53 HPs)
             Began as a Spriggan Enchanter on Jan 30, 2023.
             Was a Believer of Dithmenos.
             Mangled by an unseen horror simulacrum (14 damage)
             ... on level 9 of the Dungeon.
             The game lasted 01:03:18 (15455 turns).

nickcage the Covert (Spriggan Enchanter)           Turns: 15455, Time: 01:03:18

Health: -13/53     AC:  4    Str:  4    XL:     10   Next: 65%
Magic:  15/15      EV: 24    Int: 19    God:    Dithmenos [**....]
Gold:   570        SH:  0    Dex: 18    Spells: 7/15 levels left

rFire   . . .      SeeInvis +   a - +2 dagger (venom)
rCold   . . .      Faith    .   (no shield)
rNeg    + . .      Spirit   .   b - +2 robe
rPois   .          Reflect  .   (helmet restricted)
rElec   .          Harm     .   (no cloak)
rCorr   .          Rampage  .   (gloves unavailable)
Will    +....                   (boots unavailable)
Stlth   +++++++...              (no amulet)
HPRegen 0.17/turn               t - ring of positive energy
MPRegen 0.14/turn               (no ring)

@: wreathed by umbra, very quick
A: very small, no large weapons, unfitting armour, see invisible, speed 3
a: Renounce Religion, Shadow Step


You were on level 9 of the Dungeon.
You worshipped Dithmenos.
Dithmenos was pleased with you.
You visited 2 branches of the dungeon, and saw 11 of its levels.

You collected 570 gold pieces.

Inventory:

Hand Weapons
 a - a +2 dagger of venom (weapon)
 x - a +2 dagger of freezing
 F - a +2 dagger of electrocution
Missiles
 p - 32 poisoned darts
 y - a throwing net
Armour
 b - a +2 robe (worn)
 s - +0 acid dragon scales
Jewellery
 t - a ring of positive energy (left hand)
 C - a ring of magical power
Wands
 h - a wand of flame (71)
 n - a wand of light (15)
 z - a wand of paralysis (4)
 G - a wand of mindburst (7)
Scrolls
 f - 3 scrolls of blinking
 r - a scroll of butterflies
 u - 3 scrolls of teleportation
 w - a scroll of enchant armour
 E - a scroll of magic mapping
Potions
 c - 2 potions of invisibility
 d - a potion of berserk rage {unknown}
 e - 8 potions of curing
 g - a potion of flight {unknown}
 i - a potion of attraction {unknown}
 j - a potion of ambrosia {unknown}
 k - a potion of magic {unknown}
 l - 2 potions of lignification
 m - 2 potions of mutation {unknown}
 o - a potion of resistance
 q - 2 potions of heal wounds {unknown}
 v - 2 potions of brilliance {unknown}
 A - a potion of might {unknown}
 B - 2 potions of haste {unknown}
Miscellaneous
 D - a condenser vane


   Skills:
 - Level 6.1 Fighting
 * Level 10.1 Short Blades
 - Level 9.8 Dodging
 - Level 12.0 Stealth
 - Level 3.0 Spellcasting
 - Level 5.0 Hexes
 * Level 3.1 Invocations


You had 7 spell levels left.
You knew the following spells:

 Your Spells              Type           Power      Damage    Failure   Level
a - Ensorcelled Hibernat  Hex/Ice        24%        N/A       9%          2
b - Confusing Touch       Hex            21%        N/A       6%          3
c - Tukima's Dance        Hex            21%        N/A       6%          3

Your spell library contained the following spells:

 Spells                   Type           Power      Damage    Failure   Level
 Sandblast                Erth           4%         2d4       16%         1
 Dazzling Flash           Conj/Hex       24%        N/A       16%         3
 Summon Guardian Golem    Hex/Summ       12%        N/A       16%         3
 Passwall                 Tmut/Erth      1%         N/A       22%         2
 Frozen Ramparts          Ice            4%         1d1       41%         3
 Stone Arrow              Conj/Erth      4%         3d7       41%         3
 Ice Form                 Ice/Tmut       2%         N/A       83%         4
 Summon Ice Beast         Ice/Summ       2%         N/A       83%         4
 Orb of Destruction       Conj           1%         9d5       100%        7
 Spellforged Servitor     Conj/Summ      1%         N/A       100%        7


Dungeon Overview and Level Annotations

Branches:
Dungeon (10/15)            Temple (1/1) D:5            Lair (0/5) D:8
    Orc: D:9-12

Altars:
Ashenzari
Cheibriados
Dithmenos
Elyvilon
Fedhas
Gozag
Hepliaklqana
Kikubaaqudgha
Makhleb
Nemelex Xobeh
Okawaru
Qazlal
Ru
Sif Muna
Trog
Uskayaw
Vehumet
Wu Jian
Xom
Yredelemnul
Zin
The Shining One

Shops:
D:6 :

Annotations:
D:10 2 transporters


Innate Abilities, Weirdness & Mutations

You are very small and have problems with some larger weapons.
You are too small for most types of armour.
You have supernaturally acute eyesight. (SInv)
You cover ground extremely quickly. (Speed+++)


Message History

An unseen horror simulacrum comes into view.
The unseen horror simulacrum hits you.
The unseen horror simulacrum freezes you!!
The unseen horror simulacrum misses you.
You hit the unseen horror simulacrum but do no damage.
The unseen horror simulacrum closely misses you.
You hit the unseen horror simulacrum.
The unseen horror simulacrum is lightly damaged.
The unseen horror simulacrum completely misses you.
The unseen horror simulacrum barely misses you.
You hit the unseen horror simulacrum.
The unseen horror simulacrum is moderately damaged.
The unseen horror simulacrum completely misses you.
You hit the unseen horror simulacrum.
The unseen horror simulacrum is moderately damaged.
The unseen horror simulacrum misses you.
The unseen horror simulacrum hits you!
The unseen horror simulacrum freezes you!!
* * * LOW HITPOINT WARNING * * *
You hit the unseen horror simulacrum but do no damage.
The unseen horror simulacrum is moderately damaged.
The unseen horror simulacrum misses you.
You hit the unseen horror simulacrum.
The unseen horror simulacrum is heavily damaged.
The unseen horror simulacrum completely misses you.
You hit the unseen horror simulacrum.
The unseen horror simulacrum is severely damaged.
The unseen horror simulacrum closely misses you. x2
The unseen horror simulacrum misses you.
The unseen horror simulacrum attacks as you move away!
The unseen horror simulacrum closely misses you.
The unseen horror simulacrum completely misses you.
The unseen horror simulacrum hits you but does no damage.
The unseen horror simulacrum attacks as you move away!
The unseen horror simulacrum misses you.
The unseen horror simulacrum completely misses you.
The unseen horror simulacrum hits you.
* * * LOW HITPOINT WARNING * * *
The unseen horror simulacrum freezes you!
You die...

#....#....#.# ##.
#..(.)..#.#.# #..
#..R###...'.# #.. #...#
#...#.### ##.. #.#§# #...#.#.#
#... #...# #.#.#.#.#######
##..> #...# #...#.#.#......
##.... #...# #####.#.'......
#..... #...# #....#@# ##
#..#.. #...# #.##.#Z### ###.
#..... #...####.##.#...# ...
#..... #.#.#....##.#.#.# ..
#.##.# #.#.#.#######...##.#
#.##.# #...#.## #.......#.#
#.##.# #...#..#
#.(.....'.######....#
#.#.#.####..†....####...#....#
#..R###........#....#'###.#..#


You could see an unseen horror simulacrum.

Vanquished Creatures
  A two-headed ogre (D:9)
  Maggie (D:7)
  A troll (D:9)
  A shadow (D:9)
  2 wyverns
  A steam dragon (D:5)
  Menkaure (D:5)
  3 wargs (D:8)
  An acid dragon (D:9)
  3 water moccasins
  A sky beast (D:7)
  An orc warrior (D:9)
  2 black bears
  2 ice beasts
  An ogre (D:4)
  3 centaurs
  2 phantoms
  5 kobold brigands
  2 bullfrogs
  2 necrophages
  A scorpion (D:7)
  8 wights
  11 killer bees
  7 howler monkeys
  4 hounds
  2 jellies
  2 gnoll boudas
  6 orc priests
  3 iguanas
  7 orc wizards
  Terence (D:2)
  3 adders
  8 gnolls
  A white imp (D:7)
  An ufetubus (D:7)
  5 worms
  4 dart slugs
  17 orcs
  5 endoplasms (D:1)
  3 giant cockroaches
  6 goblins
  7 hobgoblins
  4 jackals (D:4)
  4 quokkas
  5 ball pythons
  4 bats
  2 frilled lizards
  34 kobolds
  7 rats
208 creatures vanquished.

Vanquished Creatures (collateral kills)
  2 wights (D:7)
  A kobold (D:8)
3 creatures vanquished.

Vanquished Creatures (others)
  2 dancing weapons
2 creatures vanquished.

Grand Total: 213 creatures vanquished

Notes
Turn   | Place    | Note
-------+----------+-------------------------------------------
     0 | D:1      | nickcage the Spriggan Enchanter began the quest for the
                  | Orb.
     0 | D:1      | Reached XP level 1. HP: 9/9 MP: 5/5
   351 | D:1      | Reached XP level 2. HP: 8/13 MP: 6/6
   358 | D:1      | Learned a level 2 spell: Ensorcelled Hibernation
   940 | D:1      | Reached XP level 3. HP: 16/16 MP: 5/8
  1125 | D:1      | Reached skill level 5 in Hexes
  2534 | D:2      | Reached XP level 4. HP: 21/21 MP: 2/9
  2538 | D:2      | Learned a level 3 spell: Confusing Touch
  2542 | D:2      | Learned a level 3 spell: Tukima's Dance
  2791 | D:2      | Noticed Terence
  2793 | D:2      | Killed Terence
  3015 | D:3      | Reached XP level 5. HP: 17/24 MP: 3/10
  3948 | D:4      | Reached skill level 5 in Short Blades
  4443 | D:4      | Noticed an ogre
  4457 | D:4      | Killed an ogre
  4458 | D:4      | Reached XP level 6. HP: 28/28 MP: 6/11
  5131 | D:4      | Identified the +1 scale mail "Muxuipe" {Int-2 Dex+5}
  5265 | D:5      | Entered Level 5 of the Dungeon
  5550 | D:4      | Reached XP level 7. HP: 15/32 MP: 2/12
  6181 | D:5      | Found a staircase to the Ecumenical Temple.
  6189 | Temple   | Entered the Ecumenical Temple
  6214 | Temple   | Became a worshipper of Dithmenos the Shadowed
  6429 | D:5      | Reached skill level 5 in Stealth
  6453 | D:5      | Noticed a steam dragon
  6481 | D:5      | Killed a steam dragon
  7486 | D:5      | Noticed Menkaure
  7575 | D:6      | Reached skill level 6 in Stealth
  7575 | D:6      | Reached XP level 8. HP: 37/37 MP: 3/13
  8069 | D:6      | Reached skill level 1 in Fighting
  8069 | D:6      | Reached skill level 7 in Stealth
  8827 | D:6      | Found Jang's Book Shop.
  9041 | D:5      | Identified the +7 spear of the Summoning Moth {freeze,
                  | Int+5}
  9083 | D:5      | Killed Menkaure
  9794 | D:7      | Reached skill level 8 in Stealth
 10113 | D:7      | Reached skill level 10 in Short Blades
 10140 | D:7      | Reached skill level 9 in Stealth
 10309 | D:7      | Reached XP level 9. HP: 37/42 MP: 11/14
 10505 | D:7      | Reached skill level 1 in Invocations
 10593 | D:7      | Reached * piety under Dithmenos
 10594 | D:7      | Reached skill level 10 in Stealth
 10805 | D:7      | Noticed Maggie
 10821 | D:7      | Killed Maggie
 10822 | D:7      | Reached skill level 5 in Dodging
 10925 | D:7      | Reached skill level 11 in Stealth
 10938 | D:7      | Found a white marble altar of Elyvilon.
 11739 | D:8      | Reached skill level 12 in Stealth
 12087 | D:8      | Found a staircase to the Lair.
 12133 | D:8      | Reached ** piety under Dithmenos
 12423 | D:8      | Reached XP level 10. HP: 49/49 MP: 15/15
 13449 | D:9      | Found a broken altar of Ashenzari.
 13464 | D:9      | Found an opulent altar of Gozag.
 13567 | D:9      | Found an iron altar of Okawaru.
 13629 | D:9      | Found a blossoming altar of Fedhas.
 13649 | D:9      | Reached skill level 5 in Fighting
 14164 | D:9      | Found a stormy altar of Qazlal.
 14440 | D:9      | Noticed a rakshasa
 14537 | D:10     | Entered Level 10 of the Dungeon
 14537 | D:10     | Found a transporter.
 14537 | D:10     | Found a transporter.
 14635 | D:10     | Noticed a two-headed ogre
 14695 | D:10     | Noticed a cyclops
 14695 | D:10     | Noticed an orc sorcerer
 14696 | D:10     | Noticed a two-headed ogre
 14975 | D:10     | Noticed an orc high priest
 15327 | D:9      | Noticed a two-headed ogre
 15350 | D:9      | Killed a two-headed ogre
 15455 | D:9      | HP: 1/53 [unseen horror simulacrum (6)]
 15455 | D:9      | Mangled by an unseen horror simulacrum

Illustrated notes

Levels and vault maps discovered:
D:1:      spicycebolla_arrival_ecumenical, layout_loops_ring,
          minmay_pentomino_u4
D:2:      layout_loops_corners, uniq_terence
D:3:      layout_loops_cross, minmay_misc_feat_rugged
D:4:      layout_cave_pools, serial_glass, glass_columns_a, glass_columns_b,
          glass_columns_c, mrwooster_statue_mirror, kennysheep_crisscross
D:5:      layout_basic, minmay_temple_entry_mini_moons, minmay_misc_feat_plants,
          uniq_menkaure
D:6:      layout_basic, serial_shops, nicolae_diamond_shop
D:7:      layout_basic, elyvilon_altar_3, uniq_maggie
D:8:      layout_basic, erik_lair_orcish_takeover
D:9:      minmay_sliced_demisemicircle, layout_stronghold,
          nicolae_gozag_cash_rules_everything_around_me, fedhas_altar_2,
          okawaru_metal_pillars_3, grunt_qazlal_sundering, ashenzari_altar_1
D:10:     gammafunk_beogh_shrine, layout_basic
Temple:   regret_index_temple_sphere_string

Skill      XL: |  1  2  3  4  5  6  7  8  9 10 |
---------------+-------------------------------+-----
Hexes          | 4 5 |  5.0
Spellcasting   | 3 |  3.0
Short Blades   | 2 4 6 7 9 10 | 10.1
Dodging        | 3 4 7 9 |  9.8
Stealth        | 6 9 12 | 12.0
Fighting       | 1 4 6 |  6.1
Invocations    | 3 |  3.1

Action                   |  1- 3 |  4- 6 |  7- 9 | 10-12 || total
-------------------------+-------+-------+-------+-------++-------
Melee: Dagger            |    90 |   109 |   336 |   150 ||   685
       Punch             |       |       |     5 |     4 ||     9
Throw: Stone             |     1 |       |       |       ||     1
       Dart              |       |     4 |    16 |     9 ||    29
 Cast: Ensorcelled Hiber |    34 |    55 |    56 |    61 ||   206
       Tukima's Dance    |       |       |    11 |     6 ||    17
  Use: Scroll            |     3 |     3 |    10 |       ||    16
       Potion            |       |       |     1 |       ||     1
 Stab: Sleeping          |    35 |    35 |    41 |    27 ||   138
       Distracted        |       |       |     1 |       ||     1
Armor: Robe              |    10 |     6 |    20 |     7 ||    43
Dodge: Dodged            |    57 |    72 |   154 |   115 ||   398
